AoeStats
← Javier Milei

Arena

508298797Analyzed
3v3 RM · 12d ago on Sep 21, 2026· 73m 37s· 6 players
Game mode
Random Map
Map size
Normal (6 player)
Population
200
Speed
Normal
Resources
Standard
Victory
Conquest
Starting age
Dark Age
Ending age
Imperial Age
RankedLock teamsTeams togetherTeam positionsShared explorationLock speedFull tech treeHidden civsTurbo modeCheats
Victory
Defeat
🇨🇳 Chinese · China
817
+10
🇺🇸 Armenians · United States
808
+11
🇧🇪 Persians · Belgium
695
+15
🇪🇸 Hindustanis · Spain
730
-14
🇪🇸 Vietnamese · Spain
684
-12
🇪🇸 Britons · Spain
641
-10
AlarmingSquid25
0:45 Loom
12:41 Feudal Age
20:22 Castle Age
18:30 Horse Collar
18:39 Double-Bit Axe
19:06 Gold Mining
19:59 Stone Mining
20:54 Wheelbarrow
20:29 Town Watch
22:11 Bow Saw
27:53 Gold Shaft Mining
28:23 Heavy Plow
31:07 Imperial Age
29:47 Kamandaran
30:08 Thumb Ring
29:46 Crossbowman
30:41 Fletching
31:21 Ballistics
31:14 Padded Archer Armor
32:16 Bodkin Arrow
34:10 Two-Man Saw
33:44 Crop Rotation
35:08 Conscription
36:00 Hand Cart
35:46 Town Patrol
37:33 Hoardings
38:47 Elite War Elephant
40:54 Leather Archer Armor
40:52 Masonry
41:45 Forging
41:41 Scale Barding Armor
41:37 Scale Mail Armor
44:10 Chemistry
43:42 Architecture
47:06 Ring Archer Armor
48:54 Stone Shaft Mining
48:22 Caravan
50:05 Chain Barding Armor
肌肉兄贵
5:07 Loom
13:37 Feudal Age
14:06 Double-Bit Axe
14:45 Stone Mining
24:32 Castle Age
24:12 Horse Collar
25:25 Fletching
26:37 Squires
26:23 Arson
28:39 Gold Mining
29:04 Forging
28:50 Bodkin Arrow
30:47 Wheelbarrow
31:39 Ballistics
38:02 Imperial Age
35:33 Pikeman
35:57 Elite Skirmisher
37:59 Gold Shaft Mining
38:30 Iron Casting
37:56 Scale Mail Armor
37:57 Padded Archer Armor
39:00 Hand Cart
39:46 Conscription
40:17 Bow Saw
41:33 Chemistry
40:47 Fortified Wall
40:30 Man-at-Arms
41:23 Heavy Plow
42:25 Two-Man Saw
42:46 Heavy Scorpion
42:59 Long Swordsman
43:37 Town Watch
43:58 Caravan
45:30 Rocketry
45:40 Bracer
45:42 Padded Archer Armor
45:59 Chain Mail Armor
47:20 Elite Fire Lancer
48:44 Two-Handed Swordsman
50:34 Blast Furnace
49:51 Leather Archer Armor
50:01 Heavy Rocket Cart
51:30 Elite Chu Ko Nu
54:29 Husbandry
54:40 Bloodlines
53:50 Cavalier
54:05 Champion
57:32 Scale Barding Armor
57:48 Masonry
58:48 Thumb Ring
58:03 Crossbowman
60:28 Chain Barding Armor
60:39 Ring Archer Armor
60:40 Plate Mail Armor
60:26 Arbalester
66:03 Architecture
68:36 Plate Barding Armor
henry j.waternoose
12:29 Feudal Age
15:32 Horse Collar
18:00 Loom
21:13 Forging
23:55 Castle Age
22:31 Wheelbarrow
22:20 Double-Bit Axe
28:07 Town Watch
32:16 Fletching
33:14 Bodkin Arrow
35:45 Bow Saw
37:30 Padded Archer Armor
42:28 Imperial Age
40:24 Gold Mining
40:27 Stone Mining
43:04 Iron Casting
42:46 Leather Archer Armor
45:09 Hand Cart
45:43 Town Patrol
46:10 Ballistics
46:52 Chemistry
45:24 Pikeman
46:05 Squires
47:20 Halberdier
47:39 Elite Composite Bowman
50:43 Gambesons
52:15 Conscription
52:12 Bracer
52:40 Caravan
54:35 Capped Ram
56:28 Arson
56:47 Scale Mail Armor
57:48 Blast Furnace
57:20 Ring Archer Armor
56:30 Man-at-Arms
57:37 Long Swordsman
58:42 Two-Handed Swordsman
63:16 Heavy Plow
63:28 Fereters
65:33 Champion
68:23 Chain Mail Armor
hectorfoot
0:33 Loom
12:41 Feudal Age
22:09 Castle Age
21:22 Double-Bit Axe
21:22 Horse Collar
21:34 Gold Mining
21:34 Stone Mining
21:58 Forging
21:40 Fletching
21:54 Arson
24:16 Padded Archer Armor
24:18 Scale Mail Armor
25:39 Wheelbarrow
24:50 Town Watch
25:08 Heavy Plow
25:29 Squires
30:38 Iron Casting
30:18 Chain Mail Armor
30:20 Leather Archer Armor
31:05 Elite Skirmisher
33:58 Thumb Ring
40:20 Imperial Age
39:51 Bodkin Arrow
39:56 Murder Holes
40:22 Ballistics
40:13 Fortified Wall
40:38 Bow Saw
41:16 Imperial Skirmisher
42:00 Bracer
42:31 Ring Archer Armor
48:09 Elite Fire Lancer
48:35 Pikeman
52:14 Chemistry
51:23 Halberdier
57:10 Paper Money
57:27 Hoardings
64:14 Plate Mail Armor
tHe ChArLyEr
12:15 Feudal Age
17:31 Castle Age
15:26 Loom
16:21 Double-Bit Axe
16:19 Horse Collar
17:35 Bloodlines
17:52 Stone Mining
25:34 Bow Saw
27:26 Wheelbarrow
26:38 Town Watch
29:40 Stone Shaft Mining
30:08 Heavy Plow
35:13 Imperial Age
33:54 Elite Skirmisher
34:41 Thumb Ring
35:25 Fletching
35:35 Padded Archer Armor
37:42 Leather Archer Armor
39:07 Ring Archer Armor
40:12 Imperial Skirmisher
41:20 Hand Cart
42:15 Conscription
43:24 Two-Man Saw
42:45 Town Patrol
43:26 Heavy Camel Rider
44:06 Husbandry
43:54 Imperial Skirmisher
46:27 Chemistry
45:48 Ballistics
45:24 Murder Holes
45:41 Fortified Wall
47:41 Imperial Camel Rider
51:21 Bodkin Arrow
Javier Milei
0:39 Loom
12:50 Feudal Age
20:32 Man-at-Arms
27:15 Castle Age
25:59 Forging
30:41 Wheelbarrow
29:51 Horse Collar
29:59 Double-Bit Axe
31:27 Iron Casting
34:06 Murder Holes
34:23 Fortified Wall
35:32 Masonry
35:51 Bow Saw
35:14 Pikeman
35:15 Long Swordsman
40:23 Hand Cart
40:50 Husbandry
42:29 Elite Skirmisher
50:50 Imperial Age
49:05 Heavy Plow
49:01 Gold Mining
52:05 Imperial Skirmisher
52:57 Town Watch
54:10 Fletching
54:20 Padded Archer Armor
54:44 Cavalier
60:56 Conscription
Connection lost

Rejoining the realm…

Still unreachable

The connection could not be restored.

Session expired

The server has moved on; the page needs a fresh start.